 Dungeon Crawl Stone Soup version 0.24-a0-355-gbe4061de67 (webtiles) character file.

Game seed: 5957409053293064333

292526 Avack the Peltast (level 19, -4/170 HPs)
             Began as a Minotaur Berserker on May 24, 2019.
             Was the Champion of Trog.
             Killed from afar by a deep elf annihilator (41 damage)
             ... with a crystal spear
             ... on level 3 of the Elven Halls.
             The game lasted 02:13:37 (39236 turns).

Avack the Peltast (Minotaur Berserker)             Turns: 39236, Time: 02:13:38

Health: -4/170     AC: 37    Str: 23    XL:     19   Next: 99%
Magic:  32/36      EV:  7    Int: 13    God:    Trog [******]
Gold:   3711       SH: 23    Dex: 19    Spells: 18/18 levels left

rFire    + . .     SeeInvis +   a - +9 demon whip (elec)
rCold    + . .     Gourm    .   p - +0 large shield
rNeg     + . .     Faith    .   B - +1 crystal plate armour {rC+}
rPois    +         Spirit   .   Y - +2 hat {SInv}
rElec    +         Reflect  .   j - +2 cloak
rCorr    .         Harm     .   D - +0 pair of gloves {archery}
MR       ++++.                  H - +2 pair of boots {Fly}
Stlth    ..........             Z - amulet of the Okapi {Acrobat MR+ Int+2}
HPRegen  1.38/turn              G - ring of Intercession {*Corrode rElec rPois rF+ MP+9 Int+7}
MPRegen  0.25/turn              w - ring "Tessitti" {+Blink rN+ Dex+2}

@: lethally poisoned (-4 -> -4), about to teleport, flying, regenerating
A: retaliatory headbutt, horns 2
}: 2/15 runes: decaying, gossamer
a: Berserk, Trog's Hand, Brothers in Arms, Renounce Religion, Evoke Blink, Stop
Flying


You were on level 3 of the Elven Halls.
You worshipped Trog.
Trog was exalted by your worship.
You were very hungry.

You visited 6 branches of the dungeon, and saw 34 of its levels.
You also visited: Sewer, Bailey, Gauntlet, Ice Cave and Desolation.

You collected 4801 gold pieces.
You spent 1090 gold pieces at shops.

Inventory:

Hand Weapons
 a - a +9 demon whip of electrocution (weapon)
 b - a +3 antimagic demon whip
 F - a +3 sacred scourge of holy wrath
Missiles
 e - 2 silver javelins (quivered)
 k - 3 throwing nets
 R - 8 atropa-tipped darts
 U - 13 curare-tipped darts
Armour
 j - a +2 cloak (worn)
 m - the +0 pair of gloves "Iffet" {rF+++ MR- MP+9 Int+5}
   (You found it in a Gauntlet)

   It affects your intelligence (+5).
   It renders you almost immune to fire.
   It affects your resistance to hostile enchantments.
   It affects your magic capacity (+9).
 p - a +0 large shield (worn)
 B - a +1 crystal plate armour of cold resistance (worn)
 D - a +0 pair of gloves of archery (worn)
 H - a +2 pair of boots of flying (worn)
 Y - a +2 hat of see invisible (worn)
Jewellery
 v - an uncursed ring of resist corrosion
 w - the ring "Tessitti" (right hand) {+Blink rN+ Dex+2}
   (You found it on level 2 of the Elven Halls)

   [ring of positive energy]

   It affects your dexterity (+2).
   It protects you from negative energy.
   It lets you blink.
 G - the ring of Intercession (left hand) {*Corrode rElec rPois rF+ MP+9 Int+7}
   (You found it on level 1 of the Swamp)

   [ring of magical power]

   It affects your intelligence (+7).
   It protects you from fire.
   It insulates you from electricity.
   It protects you from poison.
   It affects your magic capacity (+9).
   It may corrode you when you take damage.
 Z - the amulet of the Okapi (around neck) {Acrobat MR+ Int+2}
   (You found it on level 12 of the Dungeon)

   [amulet of the acrobat]

   It helps you evade while moving and waiting.
   It affects your intelligence (+2).
   It affects your resistance to hostile enchantments.
Wands
 h - a wand of paralysis (11)
 l - a wand of digging (5)
 q - a wand of flame (118)
 E - a wand of clouds (6)
 I - a wand of iceblast (38)
 J - a wand of scattershot (6)
 L - a wand of enslavement (5)
 O - a wand of acid (34)
Scrolls
 r - a scroll of magic mapping
 u - 3 scrolls of summoning
 y - 4 scrolls of fear
 z - 7 scrolls of teleportation
 A - 17 scrolls of remove curse
 M - a scroll of identify
 Q - a scroll of holy word
 S - a scroll of silence
 V - 4 scrolls of fog
Potions
 d - 3 potions of might
 f - 2 potions of magic
 g - 3 potions of agility
 i - 6 potions of heal wounds
 o - 11 potions of curing
 s - 3 potions of invisibility
 t - 3 potions of haste
 x - 2 potions of cancellation
 K - 2 potions of mutation
 N - a potion of resistance
Miscellaneous
 n - 2 sacks of spiders
 P - 2 phantom mirrors
 T - 2 boxes of beasts
 W - a lamp of fire
 X - a phial of floods
Comestibles
 c - 42 rations


   Skills:
 - Level 15.0 Fighting
 - Level 16.1 Maces & Flails
 - Level 16.0 Throwing
 + Level 17.4 Armour
 - Level 4.1 Dodging
 - Level 4.0 Stealth
 + Level 18.8 Shields
 - Level 13.0 Evocations


You had 18 spell levels left.
You didn't know any spells.
Your spell library was empty.

Dungeon Overview and Level Annotations

Branches:
Dungeon (15/15)            Temple (0/1) D:4            Lair (6/6) D:8
  Swamp (4/4) Lair:4       Spider (4/4) Lair:2        Slime (0/5) Lair:6
    Orc (2/2) D:9             Elf (3/3) Orc:2        Vaults (0/5) D:13
 Depths (0/5) D:15

Altars:
Dithmenos
Elyvilon
Gozag
Kikubaaqudgha
Okawaru
Ru
Trog
Uskayaw
Zin
The Shining One

Shops:
D:10 =   Orc:2 [[!(   Elf:1 *([}[   Elf:2 [

Annotations:
D:10 3 runed translucent doors, vogonpoet's ghost, journeyman DDNe
Swamp:3 exclusion: Roxanne, Roxanne


Innate Abilities, Weirdness & Mutations

You reflexively headbutt those who attack you in melee.
You have a pair of horns on your head.


Message History

The deep elf annihilator casts a spell at you.
The poison arrow hits you!
You are poisoned.
You partially resist.
* * * LOW HITPOINT WARNING * * *
You block the deep elf annihilator's attack.
The deep elf master archer shoots an arrow.
The arrow hits you but does no damage.
The deep elf demonologist casts a spell.
You feel much better.
You are no longer corroded.
You feel sick. You block the hell beast's attack. x2
The deep elf master archer shoots an arrow.
The arrow hits you!!
* * * LOW HITPOINT WARNING * * *
The deep elf annihilator mumbles some strange words.
The deep elf annihilator blinks!
The deep elf annihilator points at you and mumbles some strange words.
The crystal spear hits you!!!
You die...

## ##. ##((
#...# #!ee##
#..e## ###.ee#
#####.##ยง###
##''##((@e.(#
#....#.22e.##
#...e......#
#.......#######
#......###.....
#......'...#
#......#####
##....<#
##....#


You could see 2 hell beasts, a deep elf master archer, 2 deep elf annihilators,
2 deep elf death magi and a deep elf demonologist.

Vanquished Creatures
  Nikola (Spider:1)
  A bone dragon (Swamp:4)
  Jorgrun (Elf:2)
  Rupert (D:15)
  3 deep elf blademasters
  Frances (Swamp:1)
  Gastronok (D:12)
  3 thorn hunters
  Kirke (Lair:4)
  Donald (Spider:1)
  2 imperial myrmidons (Desolation)
  A balrug (Swamp:1)
  4 deep elf sorcerers
  Louise (D:15)
  4 ghost moths
  6 emperor scorpions
  3 deep elf elementalists (Elf:3)
  5 entropy weavers
  A very ugly thing (Swamp:4)
  Nessos (D:14)
  4 deep elf demonologists (Elf:3)
  A halazid warlock (Desolation)
  4 deep elf annihilators (Elf:3)
  A spark wasp (Spider:4)
  A minotaur (Gauntlet)
  A fire dragon (D:12)
  8 ragged hierophants (Desolation)
  2 deep elf death magi (Elf:3)
  3 crystal guardians (Desolation)
  A great orb of eyes (Gauntlet)
  9 hydras
  Fannar (Lair:3)
  A vault guard (D:13)
  4 servants of whispers (Desolation)
  14 peacekeepers (Desolation)
  2 ice dragons (D:15)
  A shambling mangrove (Swamp:3)
  Erolcha (D:9)
  4 centaur warriors
  14 alligators
  4 ghost crabs
  20 dancing weapons
  2 tengu warriors
  5 death yaks (Lair:6)
  4 catoblepae
  4 two-headed ogres
  4 orc high priests (Orc:2)
  Urug (Lair:4)
  Sonja (Lair:4)
  13 deep elf knights
  A large abomination (Elf:3)
  2 spriggan druids
  2 small abominations (Elf:3)
  8 deep elf archers
  A skeletal warrior (D:12)
  2 spectral hydras (Swamp:4)
  A flayed ghost (D:12)
  A swamp dragon (Swamp:1)
  A lindwurm (Lair:1)
  4 orc knights
  2 phantasmal warriors (Swamp:4)
  2 ironbrand convokers (Desolation)
  38 deep elf magi
  21 wolf spiders
  An oklob plant (Swamp:4)
  12 ugly things
  13 orb spiders
  2 cyclopes
  5 orc sorcerers
  5 manticores
  5 black mambas
  2 guardian serpents (Desolation)
  A guardian serpent (shapeshifter) (Elf:2)
  2 ice statues (IceCv)
  4 gargoyles
  14 spiny frogs
  A kobold demonologist (D:15)
  3 swamp worm zombies (Swamp:4)
  A yaktaur (shapeshifter) (D:15)
  2 rime drakes
  5 komodo dragons
  A freezing wraith (D:15)
  A red devil (Swamp:1)
  7 ice devils (IceCv)
  16 demonic crawlers
  3 hydra zombies (Swamp:4)
  2 tengu conjurers
  31 jumping spiders
  A polar bear (Lair:3)
  Grinder (D:3)
  6 trolls
  9 hornets
  A hornet (shapeshifter) (D:12)
  A queen bee (shapeshifter) (Elf:1)
  58 saltlings (Desolation)
  9 tyrant leeches
  17 slime creatures
  Prince Ribbit (Lair:3)
  12 blink frogs
  9 bog bodies
  10 hippogriffs
  5 alligator zombies (Swamp:4)
  Sigmund (D:2)
  A spectral swamp dragon (Swamp:4)
  2 air elementals (Elf:1)
  2 vampires
  2 spriggans
  3 wyverns
  49 redbacks
  2 shadows
  18 tarantellas
  46 yaks
  A fire elemental (Elf:1)
  A hog (Lair:4)
  Eustachio (D:4)
  5 basilisks
  A hungry ghost (D:12)
  A neqoxec (Gauntlet)
  2 chaos spawn
  A steam dragon (D:8)
  12 vampire mosquitoes
  A warg (Orc:1)
  A soldier ant (D:12)
  16 swamp worms
  8 insubstantial wisps
  3 water moccasins
  7 porcupines
  13 swamp drakes
  3 ice beasts
  27 orc warriors
  9 sky beasts
  A black bear (D:12)
  2 necrophages
  11 phantoms
  3 eyes of draining
  4 swamp dragon zombies (Swamp:4)
  19 ogres
  15 wolves
  14 centaurs
  8 crocodiles
  13 bullfrogs
  Blork the orc (D:6)
  2 big kobolds
  A gnoll sergeant (D:10)
  An earth elemental (Elf:1)
  2 wyvern zombies
  A water moccasin zombie (D:12)
  A wyvern skeleton (D:12)
  3 wights
  6 electric eels
  2 howler monkeys
  8 crimson imps
  4 bullfrog zombies
  3 centaur zombies
  21 orc priests
  8 hounds
  7 jellies
  2 quasits
  5 centaur skeletons
  2 bullfrog skeletons (D:12)
  23 orc wizards
  5 iguanas
  3 spectral swamp drakes (Swamp:4)
  7 worker ants
  A hound zombie (D:6)
  2 worker ant zombies (D:10)
  A swamp drake zombie (Swamp:4)
  6 adders
  A river rat (D:3)
  3 shadow imps
  10 white imps (IceCv)
  7 ufetubi (IceCv)
  2 oozes (Lair:6)
  An adder zombie (D:9)
  An adder skeleton (D:4)
  2 worms
  4 dart slugs (D:2)
  9 leopard geckos
  65 orcs
  5 giant cockroaches
  4 goblins
  4 hobgoblins
  4 jackals
  14 kobolds
  5 quokkas
  5 ball pythons
  5 bats
  11 frilled lizards
  A giant cockroach zombie (D:6)
  3 quokka zombies
  5 rats
  4 briar patches
  A plant (Lair:5)
1175 creatures vanquished.

Vanquished Creatures (collateral kills)
  2 angels (Elf:2)
  A stone giant (Orc:1)
  Snorg (Lair:3)
  A hydra (Lair:6)
  A catoblepas (Lair:6)
  A dancing weapon (Elf:2)
  2 death yaks (Lair:6)
  A deep elf knight (Elf:2)
  A spectral hydra (Swamp:4)
  3 deep elf magi (Elf:2)
  A spiny frog (Lair:3)
  A rime drake (Lair:6)
  5 yaks
  3 orc warriors
  3 orc priests
  An orc wizard (Orc:1)
  4 orcs
32 creatures vanquished.

Vanquished Creatures (others)
  A reaper (IceCv)
  A deep elf mage (Elf:1)
  A saltling (Desolation)
  An orc warrior (Orc:2)
  An earth elemental (Elf:1)
  An orc wizard (Orc:2)
  A white imp (IceCv)
  4 ufetubi (IceCv)
  An orc (Bailey)
  A briar patch (Swamp:3)
  6 fungi
  17 plants
  14 withered plants (Gauntlet)
50 creatures vanquished.

Grand Total: 1257 creatures vanquished

Notes
Turn   | Place    | Note
-------+----------+-------------------------------------------
     0 | D:1      | Avack the Minotaur Berserker began the quest for the Orb.
     0 | D:1      | Reached XP level 1. HP: 19/19 MP: 0/0
   437 | D:1      | Reached XP level 2. HP: 26/26 MP: 1/1
  1001 | D:2      | Reached skill level 5 in Maces & Flails
  1015 | D:2      | Reached XP level 3. HP: 21/31 MP: 2/2
  1280 | D:2      | Reached ** piety under Trog
  1366 | D:2      | Found a sacrificial altar of Ru.
  1366 | D:2      | Found an ancient bone altar of Kikubaaqudgha.
  1442 | D:2      | Noticed Sigmund
  1449 | D:2      | Killed Sigmund
  1449 | D:2      | Reached XP level 4. HP: 35/39 MP: 3/3
  1449 | D:2      | Reached XP level 5. HP: 41/45 MP: 4/4
  2177 | D:3      | Found a glowing drain.
  2185 | Sewer    | Entered a sewer
  2202 | Sewer    | Reached XP level 6. HP: 51/51 MP: 5/5
  2770 | D:3      | Noticed Grinder
  2780 | D:3      | Killed Grinder
  2780 | D:3      | Reached skill level 10 in Maces & Flails
  2780 | D:3      | Reached XP level 7. HP: 57/57 MP: 6/6
  3179 | D:4      | Reached skill level 7 in Shields
  3179 | D:4      | Reached XP level 8. HP: 74/74 MP: 7/7
  3193 | D:4      | Reached *** piety under Trog
  3240 | D:4      | Found a staircase to the Ecumenical Temple.
  3359 | D:4      | Reached skill level 1 in Throwing
  3380 | D:4      | Noticed Eustachio
  3392 | D:4      | Killed Eustachio
  3558 | D:4      | Reached skill level 1 in Stealth
  3558 | D:4      | Reached skill level 1 in Evocations
  3770 | D:5      | Entered Level 5 of the Dungeon
  3828 | D:5      | You fall into a shaft and drop 3 floors!
  3828 | D:8      | Found a staircase to the Lair.
  3828 | D:8      | Noticed a komodo dragon
  3851 | D:8      | Noticed a two-headed ogre
  3956 | D:7      | Reached XP level 9. HP: 81/81 MP: 9/9
  4293 | D:7      | Found an iron altar of Okawaru.
  4293 | D:7      | Found a hide-covered altar of Uskayaw.
  4613 | D:6      | Found a shadowy altar of Dithmenos.
  4616 | D:6      | Noticed Blork the orc
  4624 | D:6      | Killed Blork the orc
  4988 | D:6      | Reached **** piety under Trog
  5936 | D:8      | Killed a two-headed ogre
  5936 | D:8      | Reached skill level 5 in Throwing
  5936 | D:8      | Reached XP level 10. HP: 88/88 MP: 10/10
  6800 | D:9      | Reached skill level 5 in Armour
  7169 | D:9      | Noticed Erolcha
  7179 | D:9      | Killed Erolcha
  7382 | D:9      | Found a staircase to the Orcish Mines.
  7777 | D:10     | Entered Level 10 of the Dungeon
  8198 | Lair:1   | Entered Level 1 of the Lair of Beasts
  8233 | Lair:1   | Reached skill level 15 in Maces & Flails
  8233 | Lair:1   | Reached XP level 11. HP: 88/94 MP: 11/11
  8953 | Lair:1   | Noticed a lindwurm
  8962 | Lair:1   | Killed a lindwurm
  9773 | Lair:2   | Reached skill level 8 in Shields
 10024 | Lair:2   | Reached skill level 9 in Shields
 10293 | Lair:2   | Reached ***** piety under Trog
 10412 | Lair:2   | Found a hole to the Spider Nest.
 10816 | Lair:2   | Noticed a catoblepas
 10828 | Lair:2   | Killed a catoblepas
 10867 | Lair:2   | Reached skill level 10 in Shields
 10867 | Lair:2   | Reached XP level 12. HP: 99/102 MP: 12/12
 11444 | Lair:3   | Noticed Fannar
 11462 | Lair:3   | Killed Fannar
 11479 | Lair:3   | Found an opulent altar of Gozag.
 11485 | Lair:3   | Noticed Snorg
 11491 | Lair:3   | Killed Snorg
 11573 | Lair:3   | Noticed Prince Ribbit
 11692 | Lair:3   | Noticed a six-headed hydra
 11705 | Lair:3   | Killed a six-headed hydra
 11705 | Lair:3   | Reached skill level 11 in Shields
 11825 | Lair:3   | Killed Prince Ribbit
 11890 | Lair:3   | Reached skill level 10 in Armour
 12315 | Lair:4   | Found a staircase to the Swamp.
 12358 | Lair:4   | Noticed Urug
 12409 | Lair:4   | Killed Urug
 12498 | Lair:4   | Noticed Sonja
 12525 | Lair:4   | Killed Sonja
 12600 | Lair:4   | Noticed an eight-headed hydra
 12600 | Lair:4   | Noticed Kirke
 13339 | Lair:5   | Reached skill level 10 in Fighting
 14192 | Lair:6   | Entered Level 6 of the Lair of Beasts
 14205 | Lair:6   | Noticed a death yak
 14223 | Lair:6   | Killed a death yak
 14234 | Lair:6   | Noticed a catoblepas
 14247 | Lair:6   | Killed a catoblepas
 14369 | Lair:6   | Noticed a death yak
 14369 | Lair:6   | Noticed a death yak
 14379 | Lair:6   | Noticed a death yak
 14395 | Lair:6   | Killed a death yak
 14395 | Lair:6   | Reached XP level 13. HP: 89/114 MP: 13/13
 14402 | Lair:6   | Received a gift from Trog
 14902 | Lair:6   | Reached skill level 5 in Evocations
 15493 | Lair:6   | Got a warped plate armour
 15504 | Lair:6   | Identified the +5 plate armour of Elitism {*Drain Regen+
                  | Str+8 Slay-3} (You found it on level 6 of the Lair of
                  | Beasts)
 15757 | Lair:6   | Found a staircase to the Slime Pits.
 15819 | Lair:6   | Received a gift from Trog
 17075 | Lair:4   | Killed Kirke
 17080 | Lair:4   | Reached skill level 12 in Shields
 17516 | Orc:1    | Entered Level 1 of the Orcish Mines
 17516 | Orc:1    | Noticed a stone giant
 17517 | Orc:1    | Identified a scroll of acquirement
 17696 | Orc:1    | Found a flagged portal.
 17703 | Orc:1    | Killed a stone giant
 17811 | Bailey   | Entered a bailey
 18037 | Bailey   | Reached XP level 14. HP: 124/124 MP: 18/18
 18134 | Bailey   | Reached skill level 10 in Throwing
 18362 | Orc:1    | Received a gift from Trog
 18672 | Orc:2    | Entered Level 2 of the Orcish Mines
 18672 | Orc:2    | Found a staircase to the Elven Halls.
 18672 | Orc:2    | Found a bloodstained altar of Trog.
 18714 | Orc:2    | Found a frozen archway.
 18726 | IceCv    | Entered an ice cave
 18918 | IceCv    | Killed a reaper
 19469 | IceCv    | Received a gift from Trog
 19812 | Orc:2    | Reached skill level 13 in Shields
 20291 | Orc:2    | Found Jumol's Distillery.
 20291 | Orc:2    | Found Soklel's Antique Armour Shop.
 20291 | Orc:2    | Found Kymikiry's Armour Shop.
 20298 | Orc:2    | Found Casch's Weapon Boutique.
 20302 | Orc:2    | Received a gift from Trog
 20668 | Orc:2    | Bought a pair of runed gloves for 255 gold pieces
 20678 | Orc:2    | Bought a pair of glowing gloves for 255 gold pieces
 20906 | D:10     | Found Vugifae's Jewellery Shoppe.
 21095 | D:10     | Found a runed translucent gate.
 21095 | D:10     | Found a runed translucent gate.
 21095 | D:10     | Found a runed translucent gate.
 21095 | D:10     | Noticed vogonpoet's ghost (journeyman DDNe)
 21474 | D:11     | Received a gift from Trog
 21951 | D:12     | Reached skill level 14 in Shields
 21978 | D:12     | Noticed Gastronok
 21991 | D:12     | Killed Gastronok
 22247 | D:12     | Got a twitching garnet amulet
 22282 | D:12     | Reached XP level 15. HP: 134/134 MP: 19/19
 22812 | D:12     | Received a gift from Trog
 22960 | D:12     | Reached ****** piety under Trog
 22972 | D:12     | Received a gift from Trog
 23072 | D:12     | Reached skill level 15 in Shields
 23140 | D:12     | Identified the amulet of the Okapi {Acrobat MR+ Int+2} (You
                  | found it on level 12 of the Dungeon)
 23262 | D:12     | Received a gift from Trog
 23628 | D:13     | Reached XP level 16. HP: 131/141 MP: 20/20
 23670 | D:13     | Found a gate to the Vaults.
 24243 | D:14     | Noticed Nessos
 24248 | D:14     | Found a gate leading to a gauntlet.
 24258 | D:14     | Killed Nessos
 24284 | Gauntlet | Entered a Gauntlet
 24284 | Gauntlet | Found a transporter.
 24284 | Gauntlet | Found a transporter.
 24286 | Gauntlet | Found a transporter.
 24289 | Gauntlet | Found a transporter.
 24289 | Gauntlet | Found a transporter.
 24289 | Gauntlet | Found a transporter.
 24299 | Gauntlet | Found a transporter.
 24303 | Gauntlet | Found a transporter.
 24315 | Gauntlet | Found a transporter.
 24330 | Gauntlet | Found a transporter.
 24347 | Gauntlet | Found a transporter.
 24351 | Gauntlet | Found a transporter.
 24799 | Gauntlet | Got a pair of dazzling gloves
 24811 | Gauntlet | Identified the cursed +0 pair of gloves "Iffet" {rF+++ MR-
                  | MP+9 Int+5} (You found it in a Gauntlet)
 25686 | D:15     | Entered Level 15 of the Dungeon
 25815 | D:15     | Noticed Louise
 25839 | D:15     | Killed Louise
 25971 | D:15     | Noticed Rupert
 25978 | D:15     | Killed Rupert
 26263 | D:15     | Found a staircase to the Depths.
 26678 | Swamp:1  | Entered Level 1 of the Swamp
 26805 | Lair:4   | Received a gift from Trog
 26948 | Swamp:1  | Noticed Frances
 26962 | Swamp:1  | Killed Frances
 27253 | Swamp:1  | Received a gift from Trog
 27253 | Swamp:1  | Reached skill level 15 in Fighting
 27260 | Swamp:1  | Found a transporter.
 27438 | Swamp:1  | Found a transporter.
 27866 | Swamp:1  | Got a sparkling ruby amulet
 27875 | Swamp:1  | Got a shimmering lead ring
 27884 | Swamp:1  | Identified the ring of Intercession {*Corrode rElec rPois
                  | rF+ MP+9 Int+7} (You found it on level 1 of the Swamp)
 27991 | Swamp:2  | Noticed a thorn hunter
 27999 | Swamp:2  | Killed a thorn hunter
 28093 | Swamp:2  | Received a gift from Trog
 28183 | Swamp:2  | Identified the amulet "Ziaryac" {Inacc Dex+2 SInv} (You
                  | found it on level 1 of the Swamp)
 28286 | Swamp:2  | You are sucked into a shaft and drop 1 floor!
 28367 | Swamp:3  | Noticed a thorn hunter
 28387 | Swamp:3  | Killed a thorn hunter
 28663 | Swamp:3  | Noticed Roxanne
 29245 | Swamp:2  | Noticed a thorn hunter
 29260 | Swamp:2  | Killed a thorn hunter
 29260 | Swamp:2  | Reached XP level 17. HP: 156/156 MP: 21/21
 29455 | Spider:1 | Entered Level 1 of the Spider Nest
 29505 | Spider:1 | Noticed Nikola
 29544 | Spider:1 | Killed Nikola
 29735 | Spider:1 | Noticed Donald
 29747 | Spider:1 | Killed Donald
 30043 | Spider:2 | Received a gift from Trog
 30161 | Spider:2 | Received a gift from Trog
 31034 | Spider:3 | Received a gift from Trog
 31107 | Spider:3 | Reached skill level 15 in Throwing
 31765 | Spider:4 | Entered Level 4 of the Spider Nest
 32477 | Spider:4 | Received a gift from Trog
 32631 | Spider:4 | Received a gift from Trog
 33119 | Spider:4 | Reached XP level 18. HP: 163/163 MP: 7/24
 33194 | Spider:4 | Received a gift from Trog
 33224 | Spider:4 | Got a gossamer rune of Zot
 33475 | Swamp:4  | Entered Level 4 of the Swamp
 33505 | Swamp:4  | Reached skill level 10 in Evocations
 33745 | Swamp:4  | Received a gift from Trog
 34236 | Swamp:4  | Noticed a bone dragon
 34253 | Swamp:4  | Killed a bone dragon
 34300 | Swamp:4  | Got a decaying rune of Zot
 34996 | Elf:1    | Entered Level 1 of the Elven Halls
 35010 | Elf:1    | You are sucked into a shaft and drop 1 floor!
 35170 | Elf:2    | Found a white marble altar of Elyvilon.
 35170 | Elf:2    | Found a ruined gateway.
 35170 | Elf:2    | Found a glowing silver altar of Zin.
 35234 | Elf:2    | Found a glowing golden altar of the Shining One.
 35298 | Desolati | Entered the Desolation of Salt
 35491 | Desolati | Received a gift from Trog
 35761 | Desolati | Received a gift from Trog
 35789 | Desolati | Reached skill level 16 in Shields
 35821 | Desolati | Got a heavily runed pewter ring
 35833 | Desolati | Identified the ring "Nuvif Zerudd" {rPois rN+ Str+2} (You
                  | found it in the Desolation of Salt)
 35834 | Desolati | Identified the ring of the Lily {Wiz rN+ Int+3} (You found
                  | it in the Desolation of Salt)
 36001 | Desolati | Got a coiled lead ring
 36003 | Desolati | Identified the ring of Loelin {+Fly rN+ Str+3} (You found
                  | it in the Desolation of Salt)
 36227 | Desolati | Received a gift from Trog
 36391 | Desolati | Reached skill level 15 in Armour
 36391 | Desolati | Reached XP level 19. HP: 145/168 MP: 27/27
 36659 | Desolati | Reached skill level 17 in Shields
 36997 | Elf:2    | Got a smoking silver ring
 37002 | Elf:2    | Identified the ring of Xank {rElec Str-5 Dex+5 SInv Stlth+}
                  | (You found it on level 2 of the Elven Halls)
 37140 | Elf:2    | Found a runed translucent gate.
 37140 | Elf:2    | Found a runed translucent gate.
 37141 | Elf:2    | Found a runed translucent gate.
 37178 | Elf:2    | Got a coiled copper ring
 37180 | Elf:2    | Identified the ring "Tessitti" {+Blink rN+ Dex+2} (You
                  | found it on level 2 of the Elven Halls)
 37288 | Elf:2    | Found Coshrei's Armour Emporium.
 37458 | Elf:1    | Received a gift from Trog
 37587 | Elf:1    | Found Gosashryboe's Antique Armour Emporium.
 37700 | Elf:1    | Found Dutath's Antique Armour Emporium.
 37706 | Elf:1    | Bought a pair of glowing gloves for 240 gold pieces
 37858 | Elf:1    | Found Hyhiujy's Gadget Shop.
 37866 | Elf:1    | Bought a sack of spiders for 340 gold pieces
 37923 | Elf:1    | Found Lihizau's Assorted Antiques.
 37932 | Elf:1    | Found Kuprep's Weapon Emporium.
 38175 | Elf:1    | Received a gift from Trog
 38526 | Elf:2    | Noticed Jorgrun
 38560 | Elf:2    | Killed Jorgrun
 38560 | Elf:2    | Reached skill level 18 in Shields
 38941 | Elf:2    | Received a gift from Trog
 39078 | Elf:3    | Entered Level 3 of the Elven Halls
 39236 | Elf:3    | Killed from afar by a deep elf annihilator

Levels and vault maps discovered:
D:1:      minmay_arrival_jagged, layout_loops_cross
D:2:      layout_rooms, gammafunk_temple_overflow_pools, uniq_sigmund
D:3:      layout_loops_ring, gup_sewer_entry_bubbles, uniq_grinder
D:4:      layout_cave_pools, minmay_temple_entry_drinking_statues,
          kennysheep_cross_bottleneck, kennysheep_generic_room_7, uniq_eustachio
D:5:      minmay_recursive_quarters, layout_cave_pools, first_ration,
          chequers_ossuary_entry_cave
D:6:      layout_basic, small_statue_intersection,
          nicolae_dithmenos_through_a_glass_darkly, uniq_blork_the_orc
D:7:      layout_cave_pools, gammafunk_temple_overflow_statue,
          kennysheep_generic_room_4
D:8:      layout_loops_ring, david_lair_shrubbed
D:9:      layout_big_octagon, erik_orc_2, uniq_erolcha
D:10:     minmay_slanted_spiral_squares, layout_loops_ring, serial_shops,
          kennysheep_mini, gammafunk_ghost_necromancy
D:11:     layout_rooms
D:12:     minmay_the_grid_square_5x5_5x5 [minmay_the_grid_square_5x5_inner_v,
          minmay_the_grid_square_5x5_mess, minmay_the_grid_square_5x5_two,
          minmay_the_grid_square_5x5_plus, minmay_the_grid_square_5x5_n_small,
          minmay_the_grid_square_5x5_bracketed,
          minmay_the_grid_square_5x5_prize_waves,
          minmay_the_grid_square_5x5_seven,
          minmay_the_grid_square_5x5_prize_gold, minmay_the_grid_square_5x5_tie,
          minmay_the_grid_square_5x5_checkered_sparse,
          minmay_the_grid_square_5x5_inner_z,
          minmay_the_grid_square_5x5_prize_rear_guard,
          minmay_the_grid_square_5x5_inverted_slash,
          minmay_the_grid_square_5x5_two_small,
          minmay_the_grid_square_5x5_misaligned,
          minmay_the_grid_square_5x5_prize_monsterx,
          minmay_the_grid_square_5x5_z,
          minmay_the_grid_square_5x5_prize_deathbox,
          minmay_the_grid_square_5x5_minivault,
          minmay_the_grid_square_5x5_forky, minmay_the_grid_square_5x5_six,
          minmay_the_grid_square_5x5_almost_minimal,
          minmay_the_grid_square_5x5_half_checkered,
          minmay_the_grid_square_5x5_longway], layout_cave_pods, uniq_gastronok
D:13:     layout_gridville, david_vaults_5
D:14:     layout_stronghold, chequers_garden, gauntlet_entry_generic,
          uniq_nessos
D:15:     grunt_enter_depths_hoard, layout_irregular_city, lemuel_statue_altar,
          minmay_strange_pillars, uniq_louise, uniq_rupert
Lair:1:   layout_loops_ring, nicolae_volcano_entry_vermiform
Lair:2:   layout_small_grid, nicolae_spider_entry_tight_spaces,
          lemuel_fruit_tree
Lair:3:   layout_roguey, basic_altar, grunt_megastairs_1, uniq_fannar,
          uniq_snorg, uniq_prince_ribbit2
Lair:4:   layout_regular_city, minmay_swamp_entry_eels, ldierk_geyser,
          grunt_megastairs_4, uniq_kirke, uniq_urug, uniq_sonja
Lair:5:   layout_layer_cave, chequers_serial_rivers_large_b,
          bh_autumn_forest_stairs, serial_bayou_shore_a
Lair:6:   evilmike_catoblepas_cave, layout_regular_city,
          nicolae_slime_entry_slimehenge
Swamp:1:  gammafunk_its_a_trap, layout_basic_swamp, evilmike_swamp_ruin_house_1,
          swamp_pool5, uniq_frances
Swamp:2:  layout_basic_swamp, nicolae_swamp_round_clearing,
          infiniplex_staircase_pool_2
Swamp:3:  layout_basic_swamp, hangedman_swamp_ruin_wall, uniq_roxanne
Swamp:4:  swamp_pestilence, layout_basic_swamp
Spider:1: layout_spider_delve, uniq_donald, uniq_nikola
Spider:2: layout_spider_delve
Spider:3: layout_chambers, nicolae_crawler_farm
Spider:4: grunt_spider_rune_parallel, hangedman_spider_mandibles
Orc:1:    layout_caves, enter_bailey_2
Orc:2:    st_orc_mages, layout_caves, portal_ice_cave_entry_pillars_1,
          bloody_trog
Elf:1:    layout_geoelf_diagonals, serial_shops, shop, shop, shop_statue,
          shop_fountains, nicolae_shop_stone, evilmike_minifort
Elf:2:    layout_loops_corners, portal_desolation_entry_holy_temple,
          serial_shops, nicolae_shop_stone, minivault_26, uniq_jorgrun
Elf:3:    grunt_elf_hall_asides, layout_gridlike, serial_shops, shop_fountains,
          shop_fountains, shop_fountains, nicolae_shop_waterfront

Skill      XL: |  1  2  3  4  5  6  7  8  9 10 11 12 13 14 15 16 17 18 19 |
---------------+----------------------------------------------------------+-----
Maces & Flails | 4 5 7 8 10 14 15 16 | 16.1
Fighting       | 8 10 11 12 15 | 15.0
Shields        | 7 10 11 12 14 15 16 18 | 18.8
Throwing       | 1 5 6 8 9 10 12 16 | 16.0
Stealth        | 1 2 4 |  4.0
Evocations     | 1 2 7 9 13 | 13.0
Armour         | 4 5 8 10 12 13 14 15 17 | 17.4
Dodging        | 4 |  4.1

Action                   |  1- 3 |  4- 6 |  7- 9 | 10-12 | 13-15 | 16-18 | 19-21 || total
-------------------------+-------+-------+-------+-------+-------+-------+-------++-------
Melee: Mace              |    47 |    87 |    80 |       |       |       |       ||   214
       Headbutt          |     6 |     9 |    59 |   175 |   214 |   547 |   107 ||  1117
       Flail             |       |       |   157 |    98 |       |       |       ||   255
       Morningstar       |       |       |       |   630 |   233 |       |       ||   863
       Demon whip        |       |       |       |       |   649 |  1664 |   431 ||  2744
Throw: Stone             |     2 |    11 |       |     1 |       |       |       ||    14
       Dart              |       |       |    20 |    60 |    11 |     5 |       ||    96
       Throwing net      |       |       |       |     1 |     2 |       |       ||     3
       Javelin           |       |       |       |     6 |    27 |   117 |    69 ||   219
       Boomerang         |       |       |       |       |    30 |       |       ||    30
Invok: Berserk           |     4 |     2 |     3 |     8 |    10 |    10 |     1 ||    38
       Trog's Hand       |     1 |     1 |       |     6 |     5 |     3 |     2 ||    18
       Brothers in Arms  |       |       |       |     3 |     2 |     2 |     1 ||     8
Evoke: Wand              |       |       |       |       |     4 |       |       ||     4
  Use: Scroll            |       |    12 |     5 |     7 |    18 |    21 |     5 ||    68
       Potion            |       |       |     1 |       |     1 |       |     3 ||     5
 Stab: Held in net/web   |       |       |       |       |     2 |       |       ||     2
       Distracted        |       |       |       |       |     1 |     1 |       ||     2
       Invisible         |       |       |       |       |     2 |       |       ||     2
       Confused          |       |       |       |       |       |     1 |       ||     1
  Eat: Chunk             |     4 |     7 |    14 |    31 |    29 |    23 |    10 ||   118
       Ration            |       |       |       |     2 |     4 |     9 |       ||    15
Armor: Animal skin       |     3 |       |       |       |       |       |       ||     3
       Leather armour    |     6 |       |       |       |       |       |       ||     6
       Scale mail        |     5 |    33 |     1 |       |       |       |       ||    39
       Chain mail        |       |       |    70 |    25 |       |       |       ||    95
       Plate armour      |       |       |       |   217 |   171 |       |       ||   388
       Crystal plate arm |       |       |       |       |    92 |   847 |   149 ||  1088
Dodge: Dodged            |    35 |    29 |    22 |    71 |   138 |   345 |    71 ||   711
Block: Large shield      |       |    31 |   158 |   488 |   726 |  1507 |   387 ||  3297

Table legend:
 A = Non-vault XP
 B = Vault XP
 C = Vault XP percentage of total XP
 D = Non-vault monster count
 E = Vault monster count
 F = Vault count percentage of total count
                 A         B        C        D         E       F
            +---------+---------+-------+---------+---------+-------
      Total |  189399 |  236678 |  55.5 |     655 |     548 |  45.6
            +---------+---------+-------+---------+---------+-------
        D:1 |      19 |       0 |   0.0 |      12 |       0 |   0.0
        D:2 |      64 |     238 |  78.8 |      22 |       1 |   4.3
        D:3 |      60 |     337 |  84.9 |      10 |       8 |  44.4
        D:4 |     316 |     194 |  38.0 |      17 |       3 |  15.0
        D:5 |      62 |       0 |   0.0 |       8 |       0 |   0.0
        D:6 |     587 |      96 |  14.1 |      12 |       1 |   7.7
        D:7 |    1708 |       0 |   0.0 |      18 |       0 |   0.0
        D:8 |    2332 |     355 |  13.2 |      21 |       1 |   4.5
        D:9 |    1088 |    1871 |  63.2 |      14 |      22 |  61.1
       D:10 |    1325 |    2254 |  63.0 |      21 |      12 |  36.4
       D:11 |    2766 |       0 |   0.0 |      21 |       0 |   0.0
       D:12 |    4807 |   16698 |  77.6 |      34 |      53 |  60.9
       D:13 |    2975 |    3985 |  57.3 |      12 |       7 |  36.8
       D:14 |    7591 |    1344 |  15.0 |      26 |       1 |   3.7
       D:15 |    3663 |    6410 |  63.6 |       7 |       4 |  36.4
     Lair:1 |    2291 |     658 |  22.3 |      10 |       1 |   9.1
     Lair:2 |    6658 |    2007 |  23.2 |      26 |       8 |  23.5
     Lair:3 |    2699 |    2811 |  51.0 |       8 |       6 |  42.9
     Lair:4 |    9723 |    4984 |  33.9 |      35 |      13 |  27.1
     Lair:5 |    3561 |       0 |   0.0 |      13 |       0 |   0.0
     Lair:6 |    7495 |   11340 |  60.2 |      21 |      29 |  58.0
    Swamp:1 |    5636 |    4642 |  45.2 |      22 |       9 |  29.0
    Swamp:2 |   11525 |       0 |   0.0 |      17 |       0 |   0.0
    Swamp:3 |    8864 |       0 |   0.0 |      20 |       0 |   0.0
    Swamp:4 |   12888 |   14418 |  52.8 |      29 |      43 |  59.7
   Spider:1 |   11349 |    6061 |  34.8 |      26 |       2 |   7.1
   Spider:2 |   10342 |       0 |   0.0 |      23 |       0 |   0.0
   Spider:3 |    8284 |    2039 |  19.8 |      19 |       6 |  24.0
   Spider:4 |   14685 |   25726 |  63.7 |      34 |      52 |  60.5
      Orc:1 |    6060 |       0 |   0.0 |      27 |       0 |   0.0
      Orc:2 |     768 |    5891 |  88.5 |      11 |      43 |  79.6
      Elf:1 |   18882 |    7480 |  28.4 |      31 |      14 |  31.1
      Elf:2 |   13118 |   28799 |  68.7 |      20 |      32 |  61.5
      Elf:3 |    4413 |   25785 |  85.4 |       5 |      17 |  77.3
      Sewer |       0 |     220 | 100.0 |       0 |      17 | 100.0
     Bailey |       0 |    1520 | 100.0 |       0 |      16 | 100.0
      IceCv |       0 |    3308 | 100.0 |       0 |      26 | 100.0
 Desolation |       0 |   52023 | 100.0 |       0 |      95 | 100.0
   Gauntlet |     795 |    3184 |  80.0 |       3 |       6 |  66.7
            +---------+---------+-------+---------+---------+-------
